[Event "II Llinars Open 2022"]
[Site "Llinars del Valles"]
[Date "2022.06.26"]
[Round "2.3"]
[White "Ayats Llobera, Gerard"]
[Black "Juan Mas, Santiago"]
[Result "1-0"]
[ECO "C40"]
[WhiteElo "2423"]
[BlackElo "1889"]
[Annotator "TA"]
[PlyCount "45"]
[EventDate "2022.06.24"]
[EventType "swiss"]
[EventCountry "ESP"]
[SourceTitle "playchess.com"]
[Source "ChessBase"]
[SourceQuality "1"]
[TimeControl "5400+30"]

1. e4 e5 2. Nf3 d5 3. exd5 Bd6 4. d4 e4 5. Ne5 Nf6 6. Bb5+ {[%emt 0:00:06] C40: Latvian and Elephant Gambits.} Nbd7 7. Nxd7 {[%emt 0:04:07] 0x0.001b68e83cdbdp-1022s more active pieces.} (7. Bg5 {keeps more tension.} Be7 8. Bxf6 gxf6 9. Nc4) 7... Bxd7 8. Bxd7+ {[%emt 0:00:04] White is slightly better.} Qxd7 9. c4 O-O 10. Nc3 {[%emt 0:00:55] Prevents b5.} Rfe8 {[%emt 0:02:25] [#]} 11. Qe2 $146 ({Predecessor:} 11. h3 a6 12. Bg5 Qf5 13. Bxf6 Qxf6 14. O-O Qf4 15. g3 Qg5 16. Qg4 Qxg4 17. hxg4 {½-½ (87) Knapik,J (1527)-Kotula,M (1502) Szklarska Poreba 2016}) 11... Ng4 (11... e3 $142 12. Bxe3 c6) 12. h3 $16 ({Avoid the trap} 12. Nxe4 $2 Rxe4 $1 13. Qxe4 Re8 $19) 12... Nh2 {[%emt 0:03:54] Black cannot hold the game after this.} (12... Nf6 $16 {is a better defense.} 13. O-O h6) 13. Be3 $18 ({And not} 13. c5 {[#]} Nf3+ $1 14. Kd1 (14. gxf3 $2 exf3 15. Qxe8+ Rxe8+ 16. Kd1 Be7 $19) 14... Nxd4 $15) 13... Qf5 (13... b6 {keeps fighting.} 14. O-O-O a6) 14. c5 Nf3+ 15. gxf3 exf3 16. Qd2 Rxe3+ 17. Qxe3 Bf4 {[%emt 0:02:23] White is winning.} 18. Qe4 Qxe4+ 19. Nxe4 Re8 {[%emt 0:00:11] [#]} 20. O-O $1 Rxe4 21. Rfe1 Rxe1+ 22. Rxe1 Kf8 {[%emt 0:00:14] Against Re8+} 23. Rd1 {[%emt 0:00:31] Weighted Error Value: White=0.17 (very precise) /Black=0.43} 1-0

[Event "II Llinars Open 2022"]
[Site "Llinars del Valles"]
[Date "2022.06.26"]
[Round "2.4"]
[White "Izagirre Alsua, Aritz"]
[Black "Valenzuela Gomez, Fernando"]
[Result "0-1"]
[ECO "C00"]
[WhiteElo "1904"]
[BlackElo "2373"]
[Annotator "TA"]
[PlyCount "74"]
[EventDate "2022.06.24"]
[EventType "swiss"]
[EventCountry "ESP"]
[SourceTitle "playchess.com"]
[Source "ChessBase"]
[SourceQuality "1"]
[TimeControl "5400+30"]

1. e4 e6 2. d3 d5 3. Nd2 Nc6 4. Ngf3 Nf6 5. g3 dxe4 6. dxe4 Bc5 7. Bg2 e5 8. O-O O-O 9. Qe2 a5 10. Nb3 {[%emt 0:02:15] C00: French: Unusual White 2nd moves.} Bd6 11. Rd1 a4 12. Nc5 {[%emt 0:05:39] The position is equal.} Qe7 13. Nd3 {[%emt 0:00:30] [#]} h6 $146 ({Predecessor:} 13... b6 14. Bg5 h6 15. Bxf6 Qxf6 16. c3 Be6 17. Nh4 Bc4 18. Nf5 Rad8 19. Ne3 Ba6 {0-1 (47) Chaucanes,J-Mendoza Morales,L Bogota 2004}) 14. a3 (14. h3 $11) 14... Bg4 $36 {[%emt 0:01:14][%mdl 2048] [#] Strongly threatening ...Bxf3. White is under strong pressure.} 15. c3 Na5 16. h3 Bd7 17. Nb4 Rfd8 18. Nd2 c6 19. Nf1 Be6 20. Ne3 {[%emt 0:03:25] Inhibits Bc4.} g6 21. Bd2 (21. Nf1 $142) 21... Bb3 $17 22. Re1 Rd7 23. Ng4 $2 {[%emt 0:06:01] White does not recover from this.} (23. Nbc2 $17 {was worth a try.}) 23... Nxg4 $19 24. Qxg4 Bxb4 25. cxb4 Rxd2 26. bxa5 Rxb2 27. Qf3 Rd8 28. a6 bxa6 29. Re2 (29. Rec1 $142) 29... Rd1+ 30. Rxd1 Bxd1 31. Bf1 Bxe2 32. Bxe2 {[%emt 0:00:08][%mdl 4096] Endgame KQR-KQB} Rb3 33. Qg4 Kg7 34. Bxa6 Rxa3 (34... Rb1+ $142 35. Kg2 Qxa3) 35. h4 h5 36. Qe2 Qc5 {[%emt 0:00:22] [#] ( -> ...Rxg3+)} 37. g4 Rg3+ {[%emt 0:00:08] Weighted Error Value: White=1.46/Black=0.57} (37... Ra1+ $142 38. Kg2 Qc1 39. Qf1 a3 40. f4 a2 41. fxe5 Qxf1+ 42. Bxf1 Re1 43. gxh5 a1=Q 44. Bd3 Rg1+ 45. Kf3 Qe1 46. h6+ Kxh6 47. e6 f6 48. e7 Rg3+ 49. Kf4 Qf2#) 0-1

[Event "II Llinars Open 2022"]
[Site "Llinars del Valles"]
[Date "2022.06.26"]
[Round "2.5"]
[White "Jimenez Ruano, Adrian"]
[Black "Segura Marsa, Andres"]
[Result "0-1"]
[ECO "A00"]
[WhiteElo "2263"]
[BlackElo "1862"]
[Annotator "RC"]
[PlyCount "148"]
[EventDate "2022.06.24"]
[EventType "swiss"]
[EventCountry "ESP"]
[SourceTitle "playchess.com"]
[Source "ChessBase"]
[SourceQuality "1"]
[TimeControl "5400+30"]

1. h4 e5 2. c4 Nf6 3. Nc3 d5 4. cxd5 Nxd5 5. Nf3 Nc6 6. d3 Bg4 7. Qa4 Bxf3 8. gxf3 Nb6 9. Qd1 h5 10. Bg5 Be7 11. Qd2 Bxg5 12. Qxg5 Qxg5 13. hxg5 Nd4 14. O-O-O O-O-O 15. Bg2 Nd5 16. e3 Nxc3 17. bxc3 Ne6 18. Bh3 Kd7 19. d4 exd4 20. exd4 Kd6 21. Bxe6 Kxe6 22. Rde1+ Kd7 23. Re4 g6 24. Kd2 Rde8 25. Rhh4 Re6 26. Kd3 f5 27. gxf6 Rxf6 28. f4 Re8 29. f3 Ree6 30. Ke3 Rb6 31. Rh2 Rb1 32. c4 Re1+ 33. Kd3 Rxe4 34. Kxe4 Re6+ 35. Kd3 Rf6 36. Ke4 Ke6 37. Rb2 b6 38. Rg2 Kf7 39. d5 Rf5 40. Rh2 Ke7 41. Rg2 Kf6 42. Rh2 Kg7 43. c5 bxc5 44. Rc2 Rf7 45. Rxc5 Re7+ 46. Kd4 Kf6 47. Ra5 h4 48. Rc5 h3 49. Rc2 Rh7 50. Rh2 Kf5 51. Ke3 Rh4 52. a3 Rh5 53. a4 a5 54. Rh1 h2 55. Kf2 Kxf4 56. Kg2 Ke3 57. Re1+ Kd2 58. Rh1 Ke2 59. Kg3 Ke3 60. Kg2 Rxd5 61. Re1+ Kd2 62. Re6 Rh5 63. Kh1 c5 64. Rxg6 c4 65. f4 Kc3 66. Rg5 Rh4 67. Rxa5 Rxf4 68. Kxh2 Rd4 69. Rb5 Kd2 70. Rb2+ Kc1 71. Ra2 Kb1 72. Re2 c3 73. Re3 c2 74. Rb3+ Ka2 0-1

[Event "II Llinars Open 2022"]
[Site "Llinars del Valles"]
[Date "2022.06.26"]
[Round "2.6"]
[White "Juncosa Padros, Ernest"]
[Black "Salvans Serra, Arnau"]
[Result "1/2-1/2"]
[ECO "E49"]
[WhiteElo "1877"]
[BlackElo "2227"]
[Annotator "RC"]
[PlyCount "151"]
[EventDate "2022.06.24"]
[EventType "swiss"]
[EventCountry "ESP"]
[SourceTitle "playchess.com"]
[Source "ChessBase"]
[SourceQuality "1"]
[TimeControl "5400+30"]

1. d4 Nf6 2. c4 e6 3. Nc3 Bb4 4. f3 d5 5. a3 Bxc3+ 6. bxc3 O-O 7. cxd5 exd5 8. e3 c5 9. Bd3 Re8 10. Ne2 b6 11. O-O Ba6 12. Ng3 Bxd3 13. Qxd3 Nc6 14. Bb2 Na5 15. Rae1 Nc4 16. Bc1 cxd4 17. cxd4 Nd7 18. e4 Nf8 19. f4 b5 20. e5 Qb6 21. Kh1 a5 22. f5 f6 23. e6 Ra7 24. Nh5 Qd6 25. Rf3 Kh8 26. Rh3 b4 27. Nf4 bxa3 28. Ng6+ Kg8 29. Nxf8 Qxf8 30. Bxa3 Nxa3 31. Qxa3 Qxa3 32. Rxa3 a4 33. Kg1 Rb8 34. Rc1 g6 35. Rc5 Rd8 36. fxg6 hxg6 37. e7 Re8 38. Rxd5 Rexe7 39. Rc5 Ra6 40. d5 Kf7 41. Rc6 Ra5 42. d6 Rd7 43. Rc7 Ke6 44. Re3+ Re5 45. Rxd7 Kxd7 46. Ra3 Re4 47. Rd3 Rb4 48. Rf3 f5 49. Rg3 Rg4 50. Rd3 Rb4 51. Rg3 Kxd6 52. Rxg6+ Kc5 53. Rf6 a3 54. Ra6 Rb1+ 55. Kf2 Rb2+ 56. Kf3 a2 57. h4 Kb4 58. Kf4 Rf2+ 59. Kg3 Rc2 60. Kf4 Kb5 61. Ra3 Kb4 62. Ra8 Rc4+ 63. Kg5 Kb3 64. Rxa2 Kxa2 65. h5 f4 66. h6 Kb3 67. h7 Rc8 68. Kxf4 Rh8 69. g4 Rxh7 70. g5 Kc4 71. g6 Rh1 72. Ke5 Rg1 73. Kf6 Kd5 74. g7 Kd6 75. Kf7 Rf1+ 76. Ke8 1/2-1/2

[Event "II Llinars Open 2022"]
[Site "Llinars del Valles"]
[Date "2022.06.26"]
[Round "2.7"]
[White "Luna Cortes, Luis"]
[Black "Diaz Perez, Michel Alejandro"]
[Result "1-0"]
[ECO "B50"]
[WhiteElo "2215"]
[BlackElo "2439"]
[Annotator "TA"]
[PlyCount "73"]
[EventDate "2022.06.24"]
[EventType "swiss"]
[EventCountry "ESP"]
[SourceTitle "playchess.com"]
[Source "ChessBase"]
[SourceQuality "1"]
[TimeControl "5400+30"]

1. e4 c5 2. Nf3 d6 3. g3 g6 4. Bg2 Bg7 5. O-O Nc6 6. Re1 e6 {[%emt 0:04:14] B50: Sicilian: 2...d6, Miscellaneous.} 7. c3 Nge7 (7... e5 $11) 8. Na3 (8. d4 $14 {is more appropriate.}) 8... O-O {[%emt 0:07:06] The position is equal.} 9. Nc2 Rb8 10. d4 cxd4 {[%emt 0:00:51] [#]} 11. Nfxd4 $146 ({Predecessor:} 11. Ncxd4 a6 12. Be3 b5 13. a3 Bb7 14. Qc2 Rc8 15. a4 Nxd4 16. Bxd4 Bxd4 17. Nxd4 {½-½ (38) Kopcova,L (1798)-Khristenko,A (1938) Khanty-Mansiysk 2016}) 11... b5 12. Bg5 {[%emt 0:01:30] And now Nxc6 would win.} Nxd4 13. Nxd4 {[%emt 0:00:16] aiming for Nc6.} f6 14. Be3 {[%emt 0:00:15] 0x0.0008619aefc9dp-1022s more active pieces.} e5 15. Qb3+ $1 Kh8 16. Ne6 ({Not} 16. Nxb5 a6 17. a4 axb5 18. axb5 f5 $17) 16... Bxe6 17. Qxe6 Qc7 18. Red1 Rfd8 19. Rd2 d5 {[%emt 0:04:31] [#]} 20. exd5 (20. Qa6 $142 $1) 20... Rd6 $16 {[%emt 0:00:24] White must now prevent ...Nf5.} 21. Qg4 $36 {[%emt 0:01:09][%mdl 2048] White is on the roll.} Nf5 22. Qe2 Nxe3 23. Qxe3 (23. fxe3 {seems wilder.} f5 24. e4 Rf6 25. Rf1) 23... f5 24. Rc1 (24. a4 $16) 24... Qd7 {[%emt 0:02:22] [#]} (24... Rc8 $14) 25. b3 $1 e4 26. c4 b4 (26... Qf7 $16 {keeps fighting.} 27. Rcd1 Rbd8) 27. Bf1 ({White should try} 27. Rcd1 $18) 27... a5 $2 {[%emt 0:00:22] Loses the game.} (27... Rc8 $16 28. Rcd1 Qc7) 28. c5 $18 Rf6 (28... Rxd5 $2 29. c6 Rxd2 30. cxd7 $18) (28... Qc7 {was necessary.} 29. Rdd1 Rdd8) 29. Qf4 Rc8 30. c6 (30. d6 $142 g5 31. Qxg5) 30... Qd6 31. Qxd6 Rxd6 32. Rc5 Bc3 33. Rd1 Kg7 34. Rxa5 {[%emt 0:01:57] Hoping for Ra7+.} Rc7 35. Rb5 Ra7 36. Rb6 Kf8 $2 (36... Rc7 37. Ba6 Be5) 37. c7 {[%emt 0:00:19] Weighted Error Value: White=0.25 (precise) /Black=0.42} 1-0

[Event "II Llinars Open 2022"]
[Site "Llinars del Valles"]
[Date "2022.06.26"]
[Round "2.8"]
[White "Deulonder Camins, Xavier"]
[Black "Prats Safont, Sergi"]
[Result "0-1"]
[ECO "B40"]
[WhiteElo "1835"]
[BlackElo "2206"]
[Annotator "RC"]
[PlyCount "60"]
[EventDate "2022.06.24"]
[EventType "swiss"]
[EventCountry "ESP"]
[SourceTitle "playchess.com"]
[Source "ChessBase"]
[SourceQuality "1"]
[TimeControl "5400+30"]

1. e4 c5 2. Nf3 a6 3. Nc3 e6 4. d3 b5 5. g3 Bb7 6. Bg2 d6 7. O-O Nf6 8. b3 Be7 9. Bb2 O-O 10. Re1 Qc7 11. Qd2 Nc6 12. Rad1 Rac8 13. Ne2 c4 14. Qc3 d5 15. dxc4 Bb4 16. Qe3 Nxe4 17. c3 Bc5 18. Nfd4 Nxd4 19. cxd4 Bb4 20. Rf1 bxc4 21. bxc4 Qxc4 22. a3 Ba5 23. Nc1 Qc2 24. Nd3 Qb3 25. Bf3 Rc2 26. Bxe4 dxe4 27. Nc5 Qxe3 28. fxe3 Rxb2 29. Rf4 Bd5 30. Rdf1 Bd2 0-1

[Event "II Llinars Open 2022"]
[Site "Llinars del Valles"]
[Date "2022.06.27"]
[Round "3.1"]
[White "Serrano Batova, Vicent"]
[Black "Narciso Dublan, Marc"]
[Result "0-1"]
[ECO "D11"]
[WhiteElo "1992"]
[BlackElo "2464"]
[Annotator "TA"]
[PlyCount "48"]
[EventDate "2022.06.24"]
[EventType "swiss"]
[EventCountry "ESP"]
[SourceTitle "playchess.com"]
[Source "ChessBase"]
[SourceQuality "1"]
[TimeControl "5400+30"]

1. d4 d5 2. Nf3 Nf6 3. e3 Bg4 4. c4 c6 5. cxd5 cxd5 6. Qb3 Bxf3 {[%emt 0:00:06] is the legacy move (6...Qc7).} 7. gxf3 Qd7 {[%emt 0:01:07] D11: Slav Defence: 3 Nf3 sidelines and 3...Nf6 4 e3 Bg4.} 8. Bb5 Nc6 9. Bd2 e6 {[%emt 0:01:14] [#] Black has an edge.} 10. O-O $146 ({Predecessor:} 10. Rg1 Rc8 11. Nc3 a6 12. Bxc6 Rxc6 13. Na4 Qc7 14. Ke2 b5 15. Nc5 Bxc5 16. dxc5 {½-½ (51) Jankovic,B-Zulj,L Medulin 1997}) 10... Bd6 11. Bb4 O-O 12. Rc1 Bxb4 (12... e5 $5 ) 13. Bxc6 Qe7 14. Bb5 Bd6 15. Nc3 g5 16. Kh1 Kh8 17. Rg1 Rg8 18. Bd3 a6 19. e4 Nh5 20. exd5 {[%emt 0:14:23] White does not recover from this.} (20. e5 Bb4 21. Rad1 Bxc3 22. Qxc3 Nf4 $17) (20. Ne2 $11) 20... g4 $19 21. Ne4 $2 {[%emt 0:00:30] [#]} (21. Rxg4 $2 Rxg4 22. fxg4 Qh4 $19) (21. f4) 21... Bxh2 $1 {[%emt 0:01:28][%mdl 512] Strongly threatening ...Qh4. Black is clearly winning.} 22. Rxg4 (22. Rg2 Bf4) 22... Rxg4 ({Not} 22... f5 23. Qa3 Qxa3 24. Rxg8+ Rxg8 25. bxa3 fxe4 26. fxe4 $17) 23. fxg4 {[%emt 0:00:02] aiming for Bf1.} Qh4 {[%emt 0:00:48] ( -> ...Nf4)} 24. Bf1 {[%emt 0:01:09] Black must now prevent Qh3.} Nf4 {[%emt 0:13:39] Against Qh3.  Weighted Error Value: White=0.45/Black=0.04 (flawless)} ({Inferior is} 24... Bg3+ 25. Kg2 Bc7 26. Ng3 Nf4+ 27. Kg1 Nxd5 28. Bg2 $17 (28. Qxb7 $2 Rb8 $19)) 0-1

[Event "II Llinars Open 2022"]
[Site "Llinars del Valles"]
[Date "2022.06.27"]
[Round "3.2"]
[White "Garcia Ramos, Daniel"]
[Black "Garre Montes, Marc"]
[Result "1-0"]
[ECO "B76"]
[WhiteElo "2441"]
[BlackElo "1887"]
[Annotator "TA"]
[PlyCount "63"]
[EventDate "2022.06.24"]
[EventType "swiss"]
[EventCountry "ESP"]
[SourceTitle "playchess.com"]
[Source "ChessBase"]
[SourceQuality "1"]
[TimeControl "5400+30"]

1. e4 c5 2. Nf3 d6 3. d4 cxd4 4. Nxd4 Nf6 5. Nc3 g6 6. Be3 Bg7 7. f3 O-O 8. Qd2 Nc6 9. O-O-O Nxd4 10. Bxd4 Be6 11. Nd5 Bxd5 12. exd5 Qc7 13. Kb1 Rfc8 14. a3 {[%emt 0:01:02] [#] B76: Sicilian Dragon: Yugoslav Attack, 9 g4 and 9 0-0-0.} (14. Rc1 $14) 14... a6 $146 (14... Bh6 $1 $11 15. Qd3 (15. Qe2 Nxd5) 15... Nxd5) ({Predecessor:} 14... b5 15. Bxb5 Rab8 16. Bc6 Nxd5 17. Bxd5 e5 18. Be3 e4 19. Bb3 d5 20. Bd4 Bf8 21. fxe4 a5 {1-0 (34) Maksimovic,B (2398)-Mahitosh,D (2254) Chess.com INT 2020}) 15. g4 {[%emt 0:04:02] [#] White is more active.} (15. h4 $14) 15... b5 (15... Bh6 $1 $11 16. Qc3 (16. Qf2 Nxd5) 16... Nxd5 17. Qxc7 Rxc7) 16. h4 $14 {[%emt 0:01:58] h5 is the strong threat. White is slightly better.} Rab8 {[%emt 0:07:58] [#]} ({Better is} 16... Qb7 $14) 17. h5 $1 $16 a5 (17... b4 $16) 18. hxg6 $18 hxg6 19. g5 Nh5 {[%emt 0:07:52] And now ...Bxd4 would win.} 20. Bxg7 Nxg7 21. Bh3 (21. Qh2 Nh5 $16) 21... b4 22. Bxc8 bxa3 {[%emt 0:02:10] [#]} (22... Qxc8 $142 23. Qd3 (23. Qh2 Nh5 $16) 23... bxa3) 23. b3 $1 Rxc8 (23... Qxc8 24. Qxa5) 24. Rh4 ({Weaker is} 24. Qh2 Nh5 25. Qd2 a4 $16) 24... Rb8 25. Ka2 Qc5 26. Rc4 Qb6 27. Qc3 {[%emt 0:00:20] Hoping for Rc8+.} Qd8 {[%emt 0:02:52] Against Rc8} 28. Kxa3 Nh5 (28... Qd7 {was necessary.} 29. Re1 Rf8) 29. Rdd4 {[%emt 0:01:40] White is clearly winning.} Qf8 30. Rc7 e5 31. dxe6 fxe6 32. Ka2 {[%emt 0:00:25] White took control after the opening.  Weighted Error Value: White=0.26 (precise) /Black=0.62} 1-0

[Event "II Llinars Open 2022"]
[Site "Llinars del Valles"]
[Date "2022.06.27"]
[Round "3.3"]
[White "Comellas Blanchart, Jordi"]
[Black "Ayats Llobera, Gerard"]
[Result "0-1"]
[ECO "A74"]
[WhiteElo "1962"]
[BlackElo "2423"]
[Annotator "TA"]
[PlyCount "54"]
[EventDate "2022.06.24"]
[EventType "swiss"]
[EventCountry "ESP"]
[SourceTitle "playchess.com"]
[Source "ChessBase"]
[SourceQuality "1"]
[TimeControl "5400+30"]

1. d4 Nf6 2. c4 c5 3. d5 e6 4. Nc3 exd5 5. cxd5 d6 6. Nf3 g6 7. Nd2 Nbd7 8. e4 Bg7 9. Be2 O-O 10. O-O a6 11. a4 Qc7 {[%emt 0:00:06] A74: Modern Benoni: Classical: 9...a6.} 12. Nc4 Nb6 13. Ne3 Re8 {[%emt 0:03:08] White is better.} 14. f3 Bd7 {[%emt 0:05:04] [#]} 15. Bd2 $146 ({Predecessor:} 15. Kh1 Rad8 16. a5 Nc8 17. Bd2 Na7 18. Qb3 Nh5 19. Nc4 Nb5 20. Nxb5 Bxb5 21. Bd3 {1-0 (48) Krstic,P (2324)-Simonyi,Z (2223) Novi Sad 2017}) 15... Rad8 16. Rb1 Nc8 17. b4 Nh5 18. Qb3 (18. Kh1 $16) 18... Nf4 $14 {[%emt 0:03:19] [#] ...Bxc3 is the strong threat.} 19. Rfe1 Nxe2+ ({Not} 19... Bd4 20. Kh1 $16) 20. Rxe2 b6 (20... f5 $14) 21. bxc5 Qxc5 ({Better is} 21... bxc5 $14 22. Kh1 Re7) 22. Rc1 Qd4 23. Qc4 (23. Kh1 $16) 23... b5 24. axb5 axb5 25. Qb3 Na7 26. Na2 Rc8 27. Nb4 (27. Bc3 $14 Qb6 28. Bxg7 Rxc1+ 29. Nxc1 Kxg7 30. g4) 27... f5 {[%emt 0:06:17][%mdl 32768] Weighted Error Value: White=0.24 (precise) /Black=0.17 (very precise) . Loss on time!?} 0-1

[Event "II Llinars Open 2022"]
[Site "Llinars del Valles"]
[Date "2022.06.27"]
[Round "3.4"]
[White "Valenzuela Gomez, Fernando"]
[Black "Gonzalez Cobos, Arnau"]
[Result "1-0"]
[ECO "B40"]
[WhiteElo "2373"]
[BlackElo "1941"]
[Annotator "TA"]
[PlyCount "113"]
[EventDate "2022.06.24"]
[EventType "swiss"]
[EventCountry "ESP"]
[SourceTitle "playchess.com"]
[Source "ChessBase"]
[SourceQuality "1"]
[TimeControl "5400+30"]

1. e4 c5 2. Nf3 e6 3. d4 cxd4 4. Nxd4 Nf6 5. Bd3 Nc6 6. Nxc6 dxc6 7. O-O e5 8. h3 Bc5 {[%emt 0:01:35][%cal Og7g5] B40: Sicilian: 2...e6, Unusual lines.} 9. Nd2 Be6 10. Qe2 Qc7 {[%emt 0:02:22] [#] The position is equal.} 11. Bc4 $146 ({Predecessor:} 11. Nb3 Bb6 12. Bd2 h6 13. Rfe1 g6 14. Bc4 Bxc4 15. Qxc4 O-O-O 16. a4 a5 17. Be3 Bxe3 {1-0 (17) Del Arco Gimeno,J (2097)-Gomez Enguita,F (1997) La Pobla de Vallbona 2004}) 11... Bxc4 12. Nxc4 O-O 13. Bg5 Nd7 14. Rad1 {[%emt 0:01:19] [#] Threatens to win with Qg4.} b5 15. Ne3 {[%emt 0:02:33] And now Qg4 would win.} f6 16. Bh4 Rf7 17. Nf5 Nf8 18. c4 b4 19. Qg4 Ng6 20. Bg3 Kh8 21. Nd4 Nf8 22. Nb3 Qe7 23. Rd2 Ne6 24. Nxc5 Nxc5 25. Rfd1 Rff8 26. Rd7 Nxd7 27. Rxd7 $40 {[%emt 0:00:03][%mdl 128] White has some attack.} f5 $1 28. Rxe7 fxg4 29. Bxe5 $11 {[%emt 0:00:19][%mdl 4096] Endgame KRR-KRB} (29. hxg4 $11 Rfe8 30. Rc7) 29... Rg8 ({Black should play} 29... Rfe8 $15 30. Bxg7+ Kg8) 30. hxg4 {[%emt 0:01:08] Black must now prevent f4.} Rge8 $1 31. Bxg7+ Kg8 32. Rb7 Rxe4 33. g5 Rae8 {[%emt 0:09:21] [#]} (33... Rd8 $1 $11) 34. Bf6 $1 $16 Rh4 35. g3 {[%emt 0:00:54] White is more active.} Rh5 {[%emt 0:02:02] Loses the game.} (35... Rxc4 $16 36. Rg7+ (36. Rxa7 Rc2 $11) 36... Kf8) 36. Rxa7 $18 h6 (36... Re1+ $142 37. Kg2 Reh1 38. Rg7+ Kf8) 37. Rg7+ Kf8 38. Rh7 {[%emt 0:01:02] g6 would kill now.} Re6 39. Kg2 Kg8 40. Rh8+ Kf7 41. f4 Kg6 $2 (41... Re3 42. Be5 Rxe5) 42. Kf3 {[%emt 0:07:13][%cal Of4f5] Strongly threatening f5+!} Rh2 (42... hxg5 $142 43. Rxh5 Kxh5 44. g4+ (44. Bxg5 Kg6 $16) (44. fxg5 Re1 $11) 44... Kh6 45. Bxg5+ Kh7) 43. Rg8+ Kf7 44. Rg7+ Kf8 45. Rh7 Kg8 46. Rh8+ Kf7 47. Kg4 {[%emt 0:01:41] Against h5+. White is clearly winning.} Rxf6 48. gxf6 Kxf6 {[%emt 0:00:02] KR-KR} 49. Rc8 h5+ 50. Kf3 Rxb2 51. Rxc6+ Kg7 52. Rb6 Rxa2 (52... Kf7 $142 53. Ke4 Rg2 54. Rxb4 Rxg3 55. Rb7+ Kf6 56. Rb6+ Kf7) 53. Rxb4 Ra3+ 54. Kg2 Kf6 55. Rb5 Kg6 56. Rb6+ Kg7 57. Kh3 {[%emt 0:00:26] Weighted Error Value: White=0.18 (very precise) /Black=0.43} 1-0

[Event "II Llinars Open 2022"]
[Site "Llinars del Valles"]
[Date "2022.06.27"]
[Round "3.5"]
[White "Juan Lepp, Jaime Boris"]
[Black "Luna Cortes, Luis"]
[Result "0-1"]
[ECO "A43"]
[WhiteElo "1921"]
[BlackElo "2215"]
[Annotator "RC"]
[PlyCount "56"]
[EventDate "2022.06.24"]
[EventType "swiss"]
[EventCountry "ESP"]
[SourceTitle "playchess.com"]
[Source "ChessBase"]
[SourceQuality "1"]
[TimeControl "5400+30"]

1. e4 c5 2. d4 d6 3. dxc5 Qa5+ 4. Nc3 Qxc5 5. Be3 Qb4 6. Qd2 e6 7. O-O-O a6 8. Nf3 Nc6 9. Kb1 Be7 10. Bf4 e5 11. Bg5 f6 12. Be3 Be6 13. Be2 g6 14. h4 h5 15. Nh2 O-O-O 16. Qd3 f5 17. a3 fxe4 18. Nxe4 Qa5 19. Ng5 Bxg5 20. Bxg5 Nge7 21. Bf3 d5 22. Bxe7 Nxe7 23. Qe3 Nc6 24. Qg5 Bf7 25. g4 Qc7 26. c3 Kb8 27. Rhe1 e4 28. gxh5 gxh5 0-1

[Event "II Llinars Open 2022"]
[Site "Llinars del Valles"]
[Date "2022.06.27"]
[Round "3.6"]
[White "Prats Safont, Sergi"]
[Black "Uber Gracia, Hugo"]
[Result "1/2-1/2"]
[ECO "B11"]
[WhiteElo "2206"]
[BlackElo "1915"]
[Annotator "RC"]
[PlyCount "50"]
[EventDate "2022.06.24"]
[EventType "swiss"]
[EventCountry "ESP"]
[SourceTitle "playchess.com"]
[Source "ChessBase"]
[SourceQuality "1"]
[TimeControl "5400+30"]

1. e4 c6 2. Nc3 d5 3. Nf3 dxe4 4. Nxe4 Nf6 5. Qe2 Nxe4 6. Qxe4 Qa5 7. b4 Qf5 8. Bd3 Qxe4+ 9. Bxe4 f6 10. c3 Be6 11. O-O Bd5 12. Bc2 Bxf3 13. gxf3 e5 14. Re1 Nd7 15. f4 O-O-O 16. f5 g5 17. Be4 Nb6 18. Rb1 Nd5 19. b5 c5 20. Bb2 c4 21. Bxd5 Rxd5 22. a4 Rxd2 23. Re4 b6 24. Rxc4+ Kb7 25. Rc6 Bc5 1/2-1/2

[Event "II Llinars Open 2022"]
[Site "Llinars del Valles"]
[Date "2022.06.27"]
[Round "3.7"]
[White "Segura Marsa, Andres"]
[Black "Fanninger, Leon"]
[Result "1/2-1/2"]
[ECO "B07"]
[WhiteElo "1862"]
[BlackElo "2157"]
[Annotator "RC"]
[PlyCount "69"]
[EventDate "2022.06.24"]
[EventType "swiss"]
[EventCountry "ESP"]
[SourceTitle "playchess.com"]
[Source "ChessBase"]
[SourceQuality "1"]
[TimeControl "5400+30"]

1. e4 d6 2. d4 Nf6 3. Bd3 g6 4. Nf3 Bg7 5. c3 O-O 6. O-O Nbd7 7. Re1 e5 8. h3 c6 9. Nbd2 Qc7 10. dxe5 dxe5 11. a4 Nc5 12. Bf1 a5 13. b4 axb4 14. cxb4 Ne6 15. Bb2 Nd7 16. Nc4 Rd8 17. Qb3 c5 18. Ne3 Nd4 19. Nxd4 exd4 20. Nd5 Qd6 21. Bc4 cxb4 22. Nxb4 Nc5 23. Bxf7+ Kh8 24. Qc4 Nxa4 25. Ba3 Nc3 26. Nc2 Qc6 27. Qxc6 bxc6 28. Be7 Rxa1 29. Rxa1 Rd7 30. Ra8 Rxe7 31. Rxc8+ Bf8 32. Rxf8+ Kg7 33. Rc8 d3 34. Bb3 Rb7 35. Rd8 1/2-1/2

[Event "II Llinars Open 2022"]
[Site "Llinars del Valles"]
[Date "2022.06.27"]
[Round "3.8"]
[White "Herman Gamazo, Isaac"]
[Black "Sanchez Aguilar, Arnau"]
[Result "1-0"]
[ECO "B90"]
[WhiteElo "1823"]
[BlackElo "2028"]
[Annotator "NA RC"]
[PlyCount "117"]
[EventDate "2022.06.24"]
[EventType "swiss"]
[EventCountry "ESP"]
[SourceTitle "playchess.com"]
[Source "ChessBase"]
[SourceQuality "1"]
[TimeControl "5400+30"]

1. e4 c5 2. Nf3 d6 3. d4 cxd4 4. Nxd4 Nf6 5. Nc3 a6 6. f3 e5 7. Nb3 h5 8. Be3 Be6 9. Nd5 Nxd5 10. exd5 Bf5 11. Bd3 e4 12. fxe4 Bxe4 13. O-O Bxd5 14. c4 Bc6 15. Re1 Kd7 16. Bf5+ Kc7 17. Nd4 Nd7 18. b4 g6 19. Bxg6 Bxg2 20. Bxf7 Bh3 21. Be6 Qh4 22. Qd2 Ne5 23. Bf2 Bh6 24. Bxh4 Bxd2 25. Bxh3 Bxe1 26. Rxe1 Nxc4 27. Ne6+ Kb8 28. Bf1 Ne5 29. Bg2 Re8 30. Rf1 Ng6 31. Ng7 Rg8 32. Bf6 Kc7 33. Rc1+ Kb6 34. a4 Ne5 35. Rd1 Kc7 36. Ne6+ Kd7 37. Nc5+ Kc7 38. Bxe5 dxe5 39. Rd7+ Kc8 40. Kf2 b6 41. Bb7+ Kb8 42. Nxa6+ Rxa6 43. Bxa6 Rg4 44. Rb7+ Ka8 45. Rxb6 Ka7 46. a5 h4 47. Bf1 Rf4+ 48. Ke2 h3 49. b5 Ra4 50. Ra6+ Kb7 51. Bxh3 Ra2+ 52. Kf1 Rxh2 53. Bg2+ e4 54. Bxe4+ Kb8 55. Ra8+ Kc7 56. b6+ Kd7 57. b7 Rb2 58. b8=Q Rb6 59. Ra7+ 1-0